 Dungeon Sprint DCSS version 0.03.2.1-57-gb351b3c6d7 (webtiles) character file.

Game seed: 6687129843307146453, levelgen mode: deterministic

60181 esc the Crack Shot (level 14, -6/160 HPs) Centaur Demigod. Began on Feb 4, 2021. Killed from afar by an air elemental (9 damage) ... with a tornado ... in the Dungeon (Sprint V: "Ziggurat Sprint"). The game lasted 00:19:53 (1256 turns).

esc the Crack Shot (Centaur Demigod)                Turns: 1256, Time: 00:19:53

Health: -6/160     AC: 33    Str: 22    XL:     14 ^: 16902
Magic:  26/26      EV: 13    Int: 14    God:
Gold:   0          SH:  0    Dex: 22    Spells: 14/15 levels left

rFire    + + .     Vision   +   b - +8 storm bow {elec, penet}
rCold    + + +     Gourm    .   (also wielding the above weapon)
rNeg     + . .     Faith    .   x - +12 gold dragon scales {Dex+3}
rPois    +         Spirit   .   K - +2 helmet {+Vis}
rElec    .         Reflect  .   l - +0 cloak {soft}
rCorr    .         Harm     .   (no gloves)
MR       +....     NoTele   +   (no barding)
Stlth    ..........             o - macabre finger necklace {rN+}
HPRegen  0.63/turn              N - ring of Ejilo {*Slow rPois rF+ rC+++ MP+9}
MPRegen  0.36/turn              p - ring of strength

@: flying (expiring), hasted and slowed, very quick
A: large, hooves 3, deformed body, speed 2, high mp 1, tough skin 3
a: no special abilities


You were in the Dungeon.
You were not hungry.

You visited 1 branch

Inventory:

Weapons
 b - the +8 storm bow (weapon) {elec, penet}
   (You found it in the Dungeon)

   It charges the ammunition it shoots with electricity; occasionally upon a
   hit, such missiles may discharge and cause terrible harm.
   Ammo fired by it will pass through the targets it hits, potentially hitting
   all targets in its path until it reaches maximum range.
 j - the +9 ballista "Sniper" {velocity, Acc+∞ +Vis}
   (You found it in the Dungeon)

   Any bolt fired from it inflicts extra damage.
   It improves your vision.
 L - the +7 sceptre of Torment {pain, torment}
   (You found it in the Dungeon)

   In the hands of one skilled in necromantic magic, it inflicts extra damage on
   living creatures.
   Shields
 k - the +18 shield of the Gong {rElec rN+ MR+ EV-5}
   (You found it in the Dungeon)

   Base shield rating: 8 Skill to remove penalty: 9.0 It affects your evasion
   (-5).
   It insulates you from electricity.
   It protects you from negative energy.
   It affects your resistance to hostile enchantments.
Armour
 l - a +0 cloak of softness (worn)
 x - +12 gold dragon scales of dexterity (worn)
 K - a +2 helmet of improved vision (worn)
Jewellery
 m - an uncursed ring of dexterity
 o - the macabre finger necklace (around neck) {rN+}
   (You found it in the Dungeon)

   [amulet of nothing]

   It protects you from negative energy.
 p - a ring of strength (right hand)
 q - an uncursed ring of strength
 F - the amulet of Joecka Viog {Acrobat rC+ Str+4}
   (You found it in the Dungeon)

   [amulet of the acrobat]

   It helps you evade while moving and waiting.
   It affects your strength (+4).
   It protects you from cold.
 H - the ring of Kemmyo Junusk {rPois rC+ EV+5}
   (You found it in the Dungeon)

   [ring of evasion]

   It affects your evasion (+5).
   It protects you from cold.
   It protects you from poison.
 N - the ring of Ejilo (left hand) {*Slow rPois rF+ rC+++ MP+9}
   (You found it in the Dungeon)

   [ring of magical power]

   It protects you from fire.
   It renders you almost immune to cold.
   It protects you from poison.
   It affects your magic capacity (+9).
   It may slow you when you take damage.
 P - a cursed amulet of reflection {(Curse: *Corrode)}
Wands
 r - a wand of disintegration (7)
 s - a wand of iceblast (7)
 t - a wand of acid (7)
 J - a wand of random effects (3)
 M - a wand of flame (1)
 O - a wand of ensnaring (3)
Scrolls
 i - 3 scrolls of blinking
 y - 4 scrolls of amnesia
 B - 7 scrolls of fog
 C - a scroll of holy word
 D - 6 scrolls of bless item
 E - 2 scrolls of fear
Potions
 d - 10 potions of curing
 e - 14 potions of heal wounds
 f - 9 potions of haste
 g - 7 potions of magic
 h - 3 potions of berserk rage
 u - 2 potions of brilliance
 v - 2 potions of invisibility
 w - 4 potions of resistance
 z - 5 potions of agility
 A - 5 potions of might
Miscellaneous
 I - a lamp of fire
 R - 3 phantom mirrors
 T - a phial of floods
 W - 2 boxes of beasts
Comestibles
 c - 8 rations
 X - 10 chunks of flesh


   Skills:
 + Level 19.7 Fighting
 + Level 25.2 Bows
 + Level 13.2 Armour
 + Level 13.3 Dodging
 - Level 1.1 Stealth
 - Level 2.0 Unarmed Combat
 - Level 1.0 Spellcasting
 - Level 1.7 Fire Magic


You had 14 spell levels left.
You knew the following spells:

 Your Spells              Type           Power        Failure   Level  Hunger
a - Flame Tongue          Fire           5 (30)       65%         1    ##.....

Your spell library contained the following spells:

 Spells                   Type           Power        Failure   Level  Hunger
 Beastly Appendage        Tmut           0 (50)       87%         1    ##.....
 Confusing Touch          Hex            0 (50)       87%         1    ##.....
 Poisonous Vapours        Pois/Air       0 (50)       87%         1    ##.....
 Sandblast                Erth           0 (50)       87%         1    ##.....
 Summon Butterflies       Summ           0 (100)      87%         1    ##.....
 Blink                    Tloc           N/A          95%         2    ###....
 Call Imp                 Summ           0 (100)      95%         2    ###....
 Corpse Rot               Tmut/Necr      N/A          95%         2    ###....
 Ensorcelled Hibernation  Hex/Ice        0 (50)       95%         2    ###....
 Passwall                 Tmut/Erth      0 (120)      95%         2    ###....
 Shroud of Golubria       Chrm/Tloc      0 (200)      95%         2    ###....
 Slow                     Hex            0 (100)      95%         2    ###....
 Sticks to Snakes         Tmut           0 (100)      95%         2    ###....
 Swiftness                Chrm/Air       0 (100)      95%         2    ###....
 Conjure Flame            Fire           5 (100)      95%         3    ####...
 Ignite Poison            Fire/Tmut      3 (100)      98%         3    ####...
 Inner Flame              Hex/Fire       3 (100)      98%         3    ####...
 Call Canine Familiar     Summ           0 (100)      99%         3    ####...
 Confuse                  Hex            0 (100)      99%         3    ####...
 Gell's Gravitas          Tloc           0 (200)      99%         3    ####...
 Mephitic Cloud           Pois/Air       0 (100)      99%         3    ####...
 Portal Projectile        Chrm/Tloc      0 (50)       99%         3    ####...
 Recall                   Summ/Tloc      N/A          99%         3    ####...
 Snakes to Sticks         Hex/Tmut       0 (100)      99%         3    ####...
 Stone Arrow              Erth           0 (50)       99%         3    ####...
 Animate Dead             Necr           N/A          100%        4    #####..
 Force Lasso              Tloc/Erth      0 (200)      100%        4    #####..
 Fulminant Prism          Hex            0 (200)      100%        4    #####..
 Hailstorm                Ice            0 (100)      100%        4    #####..
 Leda's Liquefaction      Tmut/Erth      0 (200)      100%        4    #####..
 Passage of Golubria      Tloc           N/A          100%        4    #####..
 Petrify                  Tmut/Erth      0 (100)      100%        4    #####..
 Still Winds              Hex/Air        0 (200)      100%        4    #####..
 Summon Ice Beast         Ice/Summ       0 (100)      100%        4    #####..
 Blade Hands              Tmut           0 (200)      100%        5    ######.
 Bolt of Magma            Fire/Erth      3 (200)      100%        5    ######.
 Iskenderun's Battlesphe  Chrm/Erth      0 (100)      100%        5    ######.
 Lee's Rapid Deconstruct  Erth           0 (200)      100%        5    ######.
 Methodical Deconstructi  Erth           0 (200)      100%        5    ######.
 Silence                  Hex/Air        0 (200)      100%        5    ######.
 Summon Forest            Summ/Erth      0 (200)      100%        5    ######.
 Summon Mana Viper        Summ/Pois      0 (100)      100%        5    ######.
 Summon Spider Mount      Summ/Pois      0 (200)      100%        5    ######.
 Yara's Violent Unravell  Hex/Tmut       0 (200)      100%        5    ######.
 Bolt of Cold             Ice            0 (200)      100%        6    #######
 Borgnjor's Vile Clutch   Necr/Erth      0 (200)      100%        6    #######
 Cigotuvi's Degeneration  Tmut/Necr      0 (200)      100%        6    #######
 Darkness                 Hex            0 (200)      100%        6    #######
 Death Channel            Chrm/Necr      0 (200)      100%        6    #######
 Eringya's Noxious Bog    Tmut/Pois      0 (200)      100%        6    #######
 Freezing Cloud           Ice/Air        0 (200)      100%        6    #######
 Invisibility             Chrm           0 (100)      100%        6    #######
 Iron Shot                Erth           0 (200)      100%        6    #######
 Poison Arrow             Pois           0 (200)      100%        6    #######
 Ring of Flames           Chrm/Fire      3 (200)      100%        6    #######
 Shadow Creatures         Summ           N/A          100%        6    #######
 Simulacrum               Ice/Necr       0 (200)      100%        6    #######
 Starburst                Fire           5 (200)      100%        6    #######
 Statue Form              Tmut/Erth      0 (150)      100%        6    #######
 Summon Hydra Mount       Summ           0 (200)      100%        6    #######
 Tunneling                Erth           0 (200)      100%        6    #######
 Infestation              Tmut/Pois      0 (200)      100%        7    #######
 Iskenderun's Icy Sphere  Ice            0 (200)      100%        7    #######
 Spellforged Servitor     Summ           0 (200)      100%        7    #######
 Chain Lightning          Air            0 (200)      100%        8    #######
 Lehudib's Crystal Spear  Erth           0 (200)      100%        8    #######
 Fire Storm               Fire           5 (200)      100%        9    #######
 Glaciate                 Ice            0 (200)      100%        9    #######
 Shatter                  Erth           0 (200)      100%        9    #######


Dungeon Overview and Level Annotations

Branches:
Dungeon (1/1)


Innate Abilities, Weirdness & Mutations

You have hooves in place of feet.
Armour fits poorly on your strangely shaped body.
You cover ground very quickly.
You have an increased reservoir of magic. (+10% MP)
You have extremely tough skin. (AC +3)


Message History

The air twists around and strikes you (6).
* * * LOW HITPOINT WARNING * * *
The storm dragon breathes lightning at you.
The bolt of lightning hits you (38)!!!
* * * LOW HITPOINT WARNING * * *
Unknown command.
Aiming:
b - the +8 storm bow {elec, penet}, Range: 4 (100%)
Press: ? - help, Shift-Dir - straight line, f - storm dragon
Aim: a storm dragon (raging winds, lightly wounded (90/98))
You shoot an arrow.
The arrow pierces through the air elemental (9)!
The air elemental is moderately damaged. (22/31) HP The arrow pierces through the storm dragon (2).
The storm dragon is lightly wounded. (88/98) HP The wind drake deflects the arrow!
The arrow pierces through the insubstantial wisp (64)!!!
You destroy the insubstantial wisp!
The vortex of raging winds lifts you up.
You fly up into the air.
You die...

▓.........
▓..]".:)[:})..▓....†††..
▓.....v.......▓.........
▓......D..k...▓.....†...
▓.....k§.DD§..▓..▓.....▓
▓...D.i.i.i...▓.▓▓▓...▓▓
▓...i.i.......▓.†▓.....▓
▓...iE..▓ ▓..††.©... ▓
▓▓..@..▓▓ ▓▓▓▓▓▓▓▓▓▓
▓..▓.......▓..▓....8©8..
▓.............▓..=).....
▓......©......▓.......|.
▓▓▓▓▓▓▓▓▓▓▓▓▓▓▓.........
▓.†....... ▓.......).
▓......).. ▓.....[...


You could see 4 storm dragons, 2 wind drakes, 6 spriggan air magi, an air
elemental and an insubstantial wisp.

Vanquished Creatures
  A lich (D)
  3 pandemonium lords (D)
  A titan (D)
  2 Executioners (D)
  A shadow dragon (D)
  A cacodemon (D)
  2 warmongers (D)
  A balrug (D)
  A fire dragon (D)
  2 spark wasps (D)
  A blizzard demon (D)
  An emperor scorpion (D)
  A boulder beetle (D)
  2 spriggan air magi (D)
  A sphinx moth (D)
  A spriggan berserker (D)
  A soul eater (D)
  2 hell hogs (D)
  A yaktaur captain (D)
  2 dire elephants (D)
  2 two-headed ogres (D)
  5 vault guards (D)
  An anaconda (D)
  2 deep elf archers (D)
  2 shambling mangroves (D)
  A dancing weapon (D)
  3 sun demons (D)
  2 sixfirhies (D)
  A gelid demonspawn (D)
  A spriggan (D)
  A moth of wrath (D)
  4 deep elf magi (D)
  2 rust devils (D)
  2 hellwings (D)
  An orange demon (D)
  2 wolf spiders (D)
  2 yaktaurs (D)
  4 trolls (D)
  2 efreet (D)
  A red devil (D)
  2 demonic crawlers (D)
  5 jumping spiders (D)
  6 hornets (D)
  3 ynoxinuls (D)
  3 merfolk (D)
  An air elemental (D)
  A yak (D)
  2 water elementals (D)
  6 fire elementals (D)
  4 tarantellas (D)
  A redback (D)
  An insubstantial wisp (D)
  3 orc warriors (D)
  A hell hound (D)
  3 necrophages (D)
  2 floating eyes (D)
  14 scorpions (D)
  2 ogres (D)
  An orc priest (D)
  A jelly (D)
  An orc wizard (D)
  A sewer rat (D)
  An ooze (D)
  An adder zombie (D)
  An orc (D)
  An adder skeleton (D)
  A jackal (D)
  A ball python skeleton (D)
  A butterfly (D)
  2 fire vortices (D)
142 creatures vanquished.

Notes
Turn   | Place    | Note
-------+----------+-------------------------------------------
     0 | D        | esc the Centaur Demigod began the quest for the Orb.
     0 | D        | Reached XP level 1. HP: 18/18 MP: 2/2
     2 | D        | Found a blossoming altar of Fedhas.
     3 | D        | Found the +6 Majin-Bo {vampiric, corrupt archmagi; MP+6
                  | Int+6}
     3 | D        | Found the +9 ballista "Sniper" {velocity, Acc+∞ +Vis}
     3 | D        | Found the +10 dark maul {crush}
     3 | D        | Found the +15 Maxwell's patent armour {-Cast -Tele rElec
                  | MR+ rCorr}
     3 | D        | Found the +18 shield of the Gong {rElec rN+ MR+ EV-5}
     3 | D        | Found the +14 obsidian axe {chop, +Fly +Vis Soulbond}
     3 | D        | Found the +7 great mace "Firestarter" {inner flame, rF++}
     3 | D        | Found the +6 shillelagh "Devastator" {shatter}
     3 | D        | Found the +11 plutonium sword {*Contam Stlth-}
     3 | D        | Found the +8 lance "Wyrmbane" {slay drac, rPois rF+ rC+
                  | AC+3}
     3 | D        | Found the +9 sword of Zonguldrok {reap}
     3 | D        | Found the +13 scythe of Curses {drain, Soulbond}
     3 | D        | Found the +0 sword of Power
     3 | D        | Found the +7 mace of Variability {chain chaos}
     3 | D        | Found the +7 Singing Sword {penetrate, sonic wave}
     3 | D        | Found the +8 storm bow {elec, penet}
     3 | D        | Found a viscous altar of Jiyva.
     3 | D        | Found a hazy altar of Hepliaklqana.
     3 | D        | Found a transporter.
     3 | D        | Found an opulent altar of Gozag.
     3 | D        | Found an ancient bone altar of Kikubaaqudgha.
     3 | D        | Found a corrupted altar of Lugonu.
     7 | D        | Found a burning altar of Makhleb.
     8 | D        | Found an iron altar of Okawaru.
     8 | D        | Found a sparkling altar of Nemelex Xobeh.
     8 | D        | Found a stormy altar of Qazlal.
     8 | D        | Found a sacrificial altar of Ru.
     8 | D        | Found a shimmering blue altar of Sif Muna.
    32 | D        | Found a bloodstained altar of Trog.
    51 | D        | Reached skill level 8 in Bows
    51 | D        | Reached XP level 2. HP: 25/25 MP: 3/3
    81 | D        | Entered arena 2.
    81 | D        | Found a transporter.
    83 | D        | Reached skill level 9 in Bows
    91 | D        | Entered arena 3.
    91 | D        | Noticed a merfolk
    91 | D        | Noticed a merfolk
    91 | D        | Noticed a merfolk
    91 | D        | Found a transporter.
    92 | D        | Found the macabre finger necklace {rN+}
    94 | D        | Killed a merfolk
    94 | D        | Reached skill level 11 in Bows
    94 | D        | Reached XP level 3. HP: 40/40 MP: 4/4
    94 | D        | Reached XP level 4. HP: 48/48 MP: 6/6
    94 | D        | Reached XP level 5. HP: 55/55 MP: 7/7
    96 | D        | Killed a merfolk
    96 | D        | Reached skill level 13 in Bows
    96 | D        | Reached XP level 6. HP: 57/67 MP: 8/8
    99 | D        | Killed a merfolk
    99 | D        | Reached XP level 7. HP: 58/76 MP: 9/9
   232 | D        | Entered arena 4.
   232 | D        | Found a transporter.
   233 | D        | Reached skill level 14 in Bows
   241 | D        | Got the ring "Ruch" {+Inv rPois Dex+3}
   247 | D        | Entered arena 5.
   247 | D        | Noticed a jumping spider
   247 | D        | Found a transporter.
   248 | D        | Reached skill level 10 in Fighting
   248 | D        | Reached skill level 15 in Bows
   250 | D        | Reached XP level 8. HP: 87/87 MP: 10/10
   252 | D        | Killed a jumping spider
   256 | D        | Noticed a jumping spider
   256 | D        | Killed a jumping spider
   256 | D        | Reached skill level 16 in Bows
   313 | D        | Entered arena 6.
   313 | D        | Found a transporter.
   314 | D        | Found the +8 arc blade {discharge, rElec}
   315 | D        | Reached skill level 17 in Bows
   315 | D        | Reached XP level 9. HP: 98/98 MP: 11/11
   337 | D        | Entered arena 7.
   339 | D        | Reached skill level 1 in Armour
   343 | D        | Found a transporter.
   361 | D        | Entered arena 8.
   362 | D        | Found the +7 sceptre of Torment {pain, torment}
   367 | D        | Found a transporter.
   404 | D        | Entered arena 9.
   405 | D        | Reached skill level 18 in Bows
   409 | D        | Found a transporter.
   423 | D        | Got the amulet of Joecka Viog {Acrobat rC+ Str+4}
   430 | D        | Entered arena 10.
   430 | D        | Noticed a two-headed ogre
   430 | D        | Noticed a troll
   430 | D        | Noticed a troll
   430 | D        | Noticed a two-headed ogre
   430 | D        | Noticed a troll
   431 | D        | Killed a two-headed ogre
   431 | D        | Reached XP level 10. HP: 110/110 MP: 12/12
   431 | D        | Killed a two-headed ogre
   431 | D        | Reached skill level 5 in Dodging
   436 | D        | Reached skill level 19 in Bows
   436 | D        | Reached skill level 5 in Armour
   437 | D        | Found a transporter.
   471 | D        | Entered arena 11.
   471 | D        | Noticed a deep elf mage
   471 | D        | Noticed a deep elf mage
   471 | D        | Noticed a deep elf archer
   471 | D        | Noticed a deep elf archer
   471 | D        | Noticed a deep elf mage
   471 | D        | Noticed a deep elf mage
   471 | D        | Noticed a +1 halberd of venom
   472 | D        | Killed a deep elf archer
   473 | D        | Killed a +1 halberd of venom
   474 | D        | Killed a deep elf mage
   474 | D        | Killed a deep elf mage
   474 | D        | Reached XP level 11. HP: 120/121 MP: 13/13
   475 | D        | Killed a deep elf archer
   478 | D        | Found a transporter.
   505 | D        | Got the ring of Kemmyo Junusk {rPois rC+ EV+5}
   519 | D        | Entered arena 12.
   519 | D        | Noticed a vault guard
   519 | D        | Noticed a lich
   519 | D        | Noticed a vault guard
   519 | D        | Noticed a yaktaur captain
   520 | D        | Found the ring of the Mage {Wiz MR++ Int+3}
   520 | D        | Identified the +8 falchion of Generosity {venom, +Inv MR-
                  | Dex+3 +Vis}
   522 | D        | Killed a lich
   522 | D        | Reached skill level 15 in Fighting
   522 | D        | Reached skill level 20 in Bows
   522 | D        | Noticed a vault guard
   524 | D        | Noticed a shadow dragon
   525 | D        | Killed a vault guard
   526 | D        | Killed a vault guard
   526 | D        | Identified the +2 hunting sling "Keunoi Zelu" {velocity,
                  | rN+}
   526 | D        | Noticed a vault guard
   526 | D        | Noticed a vault guard
   528 | D        | Killed a yaktaur captain
   530 | D        | Killed a shadow dragon
   530 | D        | Reached XP level 12. HP: 94/133 MP: 14/14
   531 | D        | Reached skill level 21 in Bows
   538 | D        | Found a transporter.
   613 | D        | Entered arena 13.
   613 | D        | Noticed Liebb the pandemonium lord
   613 | D        | Noticed a gelid warmonger
   613 | D        | Noticed an infernal warmonger
   613 | D        | Noticed a balrug
   617 | D        | Killed Liebb the pandemonium lord
   619 | D        | Killed a balrug
   621 | D        | Killed an infernal warmonger
   621 | D        | Reached skill level 10 in Dodging
   623 | D        | Reached skill level 22 in Bows
   624 | D        | Killed a gelid warmonger
   624 | D        | Reached skill level 10 in Armour
   630 | D        | Found a transporter.
   643 | D        | Got the ring of Ejilo {*Slow rPois rF+ rC+++ MP+9}
   649 | D        | Got the Catalogue of Free Expression
   654 | D        | Got the amulet of the Princeling {Acrobat rElec}
   656 | D        | Got the Incunabulum of Bodily Humours
   677 | D        | Entered arena 14.
   680 | D        | Noticed a spriggan air mage
   681 | D        | Reached XP level 13. HP: 144/144 MP: 15/15
   682 | D        | Identified the +8 hammer of Propriety {crush, rF++ rN+
                  | Dex-4}
   711 | D        | Found a transporter.
   738 | D        | Got Ukebbuhy's Papyrus of Flames
   746 | D        | Got the cursed ring "Poijui" {rC++ Stlth-, (Curse: Slay-4)}
   922 | D        | Entered arena 15.
   923 | D        | Noticed a spark wasp
   924 | D        | Reached skill level 23 in Bows
   941 | D        | Killed a spark wasp
   949 | D        | Found a transporter.
   958 | D        | Got the cursed ring "Nys Ypy" {Ice Int+4, (Curse: Str-2)}
   966 | D        | Got the ring "Ajaomasch" {Fire MR+}
  1012 | D        | Entered arena 16.
  1014 | D        | Noticed a fire dragon
  1019 | D        | Killed a fire dragon
  1029 | D        | Found a transporter.
  1055 | D        | Entered arena 17.
  1058 | D        | Noticed a cacodemon
  1058 | D        | Noticed Nuciv the pandemonium lord
  1058 | D        | Noticed an Executioner
  1058 | D        | Noticed an Executioner
  1061 | D        | Noticed Siyten the pandemonium lord
  1062 | D        | Killed a cacodemon
  1065 | D        | Killed an Executioner
  1065 | D        | Reached skill level 24 in Bows
  1066 | D        | Killed an Executioner
  1066 | D        | Reached XP level 14. HP: 157/157 MP: 17/17
  1078 | D        | Killed Nuciv the pandemonium lord
  1080 | D        | Identified the +0 fire dragon scales of the Swamp {rF++ rC-
                  | rN+}
  1081 | D        | Killed Siyten the pandemonium lord
  1084 | D        | Reached skill level 25 in Bows
  1094 | D        | Found a transporter.
  1109 | D        | Got the cursed ring of Royalty {*Slow rElec Dex+5 Stlth+,
                  | (Curse: *Drain)}
  1118 | D        | Got Spellcraft Continued
  1247 | D        | Entered arena 18.
  1250 | D        | Noticed a storm dragon
  1250 | D        | Noticed a titan
  1250 | D        | Noticed a storm dragon
  1250 | D        | Noticed a storm dragon
  1250 | D        | Noticed a storm dragon
  1255 | D        | Killed a titan
  1255 | D        | HP: 3/160 [storm dragon/bolt of lightning (38)]
  1256 | D        | Killed from afar by an air elemental

Levels and vault maps discovered:
D:        sprint_v [room_start, room_1, room_2, room_3, room_4, room_5, room_6,
          room_7, room_8, room_9, room_10, room_11, room_12, room_13, room_14,
          room_15, room_16, room_17, room_18, room_19, room_20, room_21,
          room_22, room_23, room_24, room_25, room_26, room_27]

Skill      XL: |  1  2  3  4  5  6  7  8  9 10 11 12 13 14 |
---------------+-------------------------------------------+-----
Bows           | 8 11 13 15 17 18 19 20 22 24 25 | 25.2
Fighting       | 6 8 9 10 12 13 14 15 17 18 19 | 19.7
Armour         | 3 6 8 10 12 13 | 13.2
Dodging        | 4 6 8 10 12 13 | 13.3
Stealth        | |  1.1
Unarmed Combat | |  2.0
Spellcasting   | |  1.0
Fire Magic     | |  1.7

Action                   |  1- 3 |  4- 6 |  7- 9 | 10-12 | 13-15 || total
-------------------------+-------+-------+-------+-------+-------++-------
 Fire: Longbow           |     5 |     5 |    34 |    46 |    83 ||   173
  Use: Potion            |     1 |       |       |       |     1 ||     2
       Scroll            |       |       |     5 |     3 |     1 ||     9
Armor: Plate armour      |       |     3 |     9 |       |       ||    12
       Gold dragon scale |       |       |       |     4 |    24 ||    28
Dodge: Dodged            |       |       |     2 |     2 |     6 ||    10
